AoeStats
← Mycorrhizal

MegaRandom

510137663Analyzed
4v4 RM · 2d ago on Sep 29, 2026· 22m 20s· 8 players
Game mode
Random Map
Map size
Large (8 player)
Population
200
Speed
Normal
Resources
Standard
Victory
Conquest
Starting age
Dark Age
Ending age
Imperial Age
RankedLock teamsTeams togetherTeam positionsShared explorationLock speedFull tech treeHidden civsTurbo modeCheats
Victory
Defeat
🇹🇷 Hindustanis · Türkiye
1649
+11
🇹🇷 Vikings · Türkiye
1585
+13
🇹🇷 Wu · Türkiye
1584
+13
🇩🇪 Franks · Germany
1554
+15
🇧🇪 Lithuanians · Belgium
1650
-17
🇺🇸 Teutons · United States
1516
-13
🇦🇷 Aztecs · Argentina
1495
-12
🇨🇦 Gurjaras · Canada
1456
-10
peah90
0:34 Loom
9:10 Feudal Age
11:15 Forging
12:05 Scale Barding Armor
17:51 Fletching
22:13 Castle Age
20:33 Double-Bit Axe
FeelMySpike
0:28 Loom
0:38 Loom
7:46 Feudal Age
8:45 Double-Bit Axe
15:31 Scale Barding Armor
17:17 Bloodlines
19:15 Forging
21:23 Castle Age
19:58 Wheelbarrow
19:28 Horse Collar
20:15 Gold Mining
22:08 Husbandry
22:30 Chain Barding Armor
21:36 Light Cavalry
alican43
0:27 Loom
8:04 Feudal Age
9:09 Double-Bit Axe
12:18 Horse Collar
15:05 Forging
16:38 Scale Barding Armor
22:08 Castle Age
20:00 Gold Mining
20:39 Bloodlines
Sekov
0:34 Loom
8:13 Feudal Age
8:45 Double-Bit Axe
12:23 Fletching
13:30 Horse Collar
15:19 Padded Archer Armor
20:37 Castle Age
20:00 Gold Mining
21:15 Bodkin Arrow
20:42 Crossbowman
22:58 Leather Archer Armor
YOGRANNYCANTSCRAP
0:31 Loom
9:39 Feudal Age
10:39 Double-Bit Axe
12:21 Town Watch
15:05 Scale Barding Armor
15:12 Bloodlines
18:01 Forging
18:34 Horse Collar
Mycorrhizal
0:31 Loom
8:45 Feudal Age
10:19 Double-Bit Axe
15:57 Fletching
17:10 Padded Archer Armor
18:36 Gold Mining
23:13 Castle Age
Komi
0:33 Loom
8:01 Feudal Age
8:47 Double-Bit Axe
11:57 Fletching
NicoRespeto
0:36 Loom
9:41 Feudal Age
13:22 Castle Age
12:47 Gold Mining
21:04 Squires
20:49 Arson
21:46 Double-Bit Axe
Connection lost

Rejoining the realm…

Still unreachable

The connection could not be restored.

Session expired

The server has moved on; the page needs a fresh start.